cohdb
Replays
Latest Replays
All Replays
Popular Replays
Top Player Replays
Match Explorer
How It Works
Community
CoH3 Stats
Reddit
Sign in to upload your games and track your stats! →
Sign in with Steam
Match 43997868
Unlisted
Match 43997868
Overview
Messages
Build Orders
End
Selects Special Operations Battlegroup
Construct Weapon Support Center
Selects M29 Weasel Recon Vehicle
M29 Weasel Recon Vehicle
M1919 Machine Gun Team
M1919 Machine Gun Team
Selects Raiding Flares
Engineer Squad
Engineer Squad
Infantry Support Center
Bazooka Squad
Construct Tank Depot
Improved M9 Bazooka Rockets
Selects SSF Commando Squad
M4A1 Sherman Medium Tank
SSF Commando Squad
Mortar Pit
M4A1 Sherman Medium Tank
Selects P-47 Anti-Infantry Loiter
Selects UNKNOWN (2162291)
M4A1 Sherman Whizbang
P-47 Anti-Infantry Loiter
SSF Commando Squad
Selects Assault Operation
M4A1 Sherman Medium Tank
Engineer Squad
The Red Pasha
MRhrissie
Geten
Oncle-Hô
0
0
Comments
sign in to comment!
No comments posted yet!